 Dungeon Crawl Stone Soup version 0.23.2-1-ga50397a6bc (webtiles) character file.

Game seed: 14072549340550855280

161 FluffierThanThou the Covered (level 5, -5/47 HPs)
             Began as a Minotaur Fighter on May 17, 2019.
             Killed by divine providence
             ... invoked by an orc priest
              (17 damage)
             ... on level 3 of the Dungeon.
             The game lasted 00:04:40 (1833 turns).

FluffierThanThou the Covered (Minotaur Fighter)     Turns: 1833, Time: 00:04:41

Health: -5/47      AC:  7    Str: 27    XL:     5   Next: 18%
Magic:  4/4        EV:  8    Int:  5    God:
Gold:   91         SH: 10    Dex:  9    Spells: 4/4 levels left

rFire    . . .     SeeInvis .   a - +0 war axe
rCold    . . .     Gourm    .   c - +0 shield
rNeg     . . .     Faith    .   b - +0 scale mail
rPois    .         Spirit   .   (helmet restricted)
rElec    .         Reflect  .   (no cloak)
rCorr    .         Harm     .   (no gloves)
MR       .....                  (no boots)
Stlth    ..........             (no amulet)
HPRegen  0.15/turn              (no ring)
MPRegen  0.09/turn              (no ring)

@: mighty
A: retaliatory headbutt, horns 2
a: no special abilities


You were on level 3 of the Dungeon.
You were not hungry.

You visited 1 branch of the dungeon, and saw 3 of its levels.

You collected 91 gold pieces.

Inventory:

Hand Weapons
 a - a +0 war axe (weapon)
Armour
 b - a +0 scale mail (worn)
 c - a +0 shield (worn)
Jewellery
 m - a cursed ring of teleportation {unknown}
Scrolls
 g - 3 scrolls of teleportation {unknown}
 h - 2 scrolls of immolation {unknown}
 l - a scroll of noise {unknown}
 n - a scroll of remove curse {unknown}
 o - a scroll of identify {unknown}
 p - a scroll of magic mapping {unknown}
 r - a scroll of fear {unknown}
Potions
 e - a potion of haste {unknown}
 i - 2 potions of curing {unknown}
 j - a potion of invisibility {unknown}
 k - a potion of mutation {unknown}
 q - a potion of lignification {unknown}
Comestibles
 f - 6 rations


   Skills:
 * Level 4.9 Fighting
 + Level 3.4 Axes
 * Level 5.1 Armour
 - Level 0.2 Dodging
 + Level 4.4 Shields


You had 4 spell levels left.
You didn't know any spells.
Your spell library was empty.

Dungeon Overview and Level Annotations

Branches:
Dungeon (3/15)

Altars:


Innate Abilities, Weirdness & Mutations

You reflexively headbutt those who attack you in melee.
You have a pair of horns on your head.


Message History

The orc wizard mumbles some strange words.
The orc wizard seems to speed up.
The orc priest moves out of view.
You hear an angry hiss.
You block the orc's attack. The goblin hits you but does no damage.
You slash the goblin!
You kill the goblin!
You barely miss the orc. You block the orc's attack.
The orc priest mumbles some strange prayers to Beogh against you.
Beogh smites you!
The orc hits you with a +2 war axe of holy wrath!
* * * LOW HITPOINT WARNING * * *
You hear an angry hiss.
You feel very mighty all of a sudden.
You hit the orc. You headbutt the orc.
You kill the orc!
You slash the orc priest!
The orc priest mumbles some strange prayers to Beogh against you.
Beogh smites you!
You die...

.........##......#
..##.....##......#
.# .
##.#..##......##..#
##..>#..#.........#
#<.#....#......####
#..####.........#
#.## ##........###
#. ##.......o.## #.
##.....@o..# #.
#.##.###)o# .. #.
#.. #..# .# # ##
..... .#.### .# .#
o o# #. .#


You could see an orc priest, an orc wizard and an orc.

Vanquished Creatures
  A hound (D:3)
  4 adders (D:2)
  An ooze (D:2)
  2 worms
  2 dart slugs (D:2)
  6 leopard geckos
  4 orcs (D:3)
  7 bats
  3 giant cockroaches (D:2)
  8 goblins
  11 hobgoblins
  3 jackals (D:3)
  A quokka (D:3)
  6 frilled lizards
  6 kobolds
  6 rats
71 creatures vanquished.

Notes
Turn   | Place    | Note
-------+----------+-------------------------------------------
     0 | D:1      | FluffierThanThou the Minotaur Fighter began the quest for
                  | the Orb.
     0 | D:1      | Reached XP level 1. HP: 19/19 MP: 0/0
   214 | D:1      | Reached XP level 2. HP: 27/27 MP: 1/1
   254 | D:1      | You fall through a shaft!
   260 | D:2      | Reached skill level 4 in Armour
   265 | D:2      | Reached XP level 3. HP: 22/33 MP: 2/2
  1056 | D:2      | Reached XP level 4. HP: 39/41 MP: 3/3
  1312 | D:2      | Found a faded altar of an unknown god.
  1657 | D:3      | Reached skill level 5 in Armour
  1657 | D:3      | Reached XP level 5. HP: 18/47 MP: 4/4
  1833 | D:3      | Killed from afar by an orc priest

Skill      XL: |  1  2  3  4 |
---------------+-------------+-----
Fighting       | 4 |  4.9
Armour         | 4 5 |  5.1
Shields        | 4 |  4.4
Axes           | 3 |  3.4
Dodging        | |  0.2

Action                   |  1- 3 |  4- 6 || total
-------------------------+-------+-------++-------
Melee: War axe           |    81 |    94 ||   175
       Headbutt          |     6 |    15 ||    21
  Use: Potion            |       |     1 ||     1
  Eat: Chunk             |       |     3 ||     3
Armor: Scale mail        |    36 |    50 ||    86
Dodge: Dodged            |    20 |    42 ||    62
Block: Shield            |    46 |    74 ||   120
